| TOP OF THE 1ST |
|
Philadelphia Phillies batting - Pitching for New York Mets : RHP Pete Redfern
|
|
Pitching: RHP Pete Redfern
|
|
|
Batting: RHB Paul Molitor
|
0-0: SOLO HOME RUN (Flyball, 78XD, EV 104.4 MPH), Distance : 416 ft
|
|
Batting: RHB Andy Ramirez
|
0-0: Ball 1-0: SINGLE (Groundball, 3D, EV 105.6 MPH)
|
|
Batting: LHB Tony Gwynn
|
0-0: Fly out, F8 (Line Drive, 8LM, EV 89.4 MPH)
|
|
Batting: RHB Candy Maldonado
|
0-0: Ball Andy Ramirez steals 2nd base 1-0: Called Strike 1-1: Ball 2-1: Fly out, F8 (Flyball, 8LM, EV 90.0 MPH)
|
|
Batting: LHB Andy Guerrero
|
0-0: Foul Ball, location: 2F 0-1: Ball 1-1: Fly out, F8 (Flyball, 78M, EV 96.3 MPH)
|
| Top of the 1st over - 1 run, 2 hits, 0 errors, 1 left on base; Philadelphia 1 - New York 0 |
| BOTTOM OF THE 1ST |
|
New York Mets batting - Pitching for Philadelphia Phillies : LHP Larry McWilliams
|
|
Pitching: LHP Larry McWilliams
|
|
|
Batting: LHB Lyman Bostock
|
0-0: Ball 1-0: Foul Ball, location: 2F 1-1: Ball 2-1: Ball 3-1: Foul Ball, location: 2F 3-2: Ground out 6-3 (Groundball, 6, EV 85.6 MPH)
|
|
Batting: RHB Ray Knight
|
0-0: Foul Ball, location: 2F 0-1: Foul Ball, location: 2F 0-2: Fly out, F8 (Line Drive, 8LM, EV 88.8 MPH)
|
|
Batting: LHB John Kruk
|
0-0: Called Strike 0-1: Ball 1-1: Foul Ball, location: 2F 1-2: Strikes out swinging wild pitch, reaches first!
|
|
Batting: RHB Dave Concepcion
|
0-0: Ball 1-0: Called Strike 1-1: SINGLE (Groundball, 56D, EV 97.5 MPH) John Kruk to second
|
|
Batting: RHB Brad Komminsk
|
0-0: Foul Ball, location: 2F 0-1: Swinging Strike 0-2: Strikes out swinging
|
| Bottom of the 1st over - 0 runs, 1 hit, 0 errors, 2 left on base; Philadelphia 1 - New York 0 |
| TOP OF THE 2ND |
|
Philadelphia Phillies batting - Pitching for New York Mets : RHP Pete Redfern
|
|
Batting: RHB Jody Davis
|
0-0: Called Strike 0-1: Foul Ball, location: 2F 0-2: Ball 1-2: Ball 2-2: Fly out, F8 (Flyball, 78M, EV 87.5 MPH)
|
|
Batting: LHB Randy Bush
|
0-0: Called Strike 0-1: Ball 1-1: Foul Ball, location: 2F 1-2: Ball 2-2: Foul Ball, location: 2F 2-2: Ball 3-2: Foul Ball, location: 2F 3-2: Fly out, F8 (Flyball, 8RD, EV 96.9 MPH)
|
|
Batting: LHB Lou Whitaker
|
0-0: Ball 1-0: Foul Ball, location: 2F 1-1: Ball 2-1: Ball 3-1: Ground out 6-3 (Groundball, 6, EV 100.6 MPH)
|
| Top of the 2nd over - 0 runs, 0 hits, 0 errors, 0 left on base; Philadelphia 1 - New York 0 |
| BOTTOM OF THE 2ND |
|
New York Mets batting - Pitching for Philadelphia Phillies : LHP Larry McWilliams
|
|
Batting: LHB Roy E Johnson
|
0-0: Fly out, F4 (Flyball, 4D, EV 86.9 MPH)
|
|
Batting: LHB Alamazoo White
|
0-0: Called Strike 0-1: SINGLE (Line Drive, 8LS, EV 105.0 MPH)
|
|
Batting: LHB Terry Kennedy
|
0-0: SINGLE (Groundball, 4MD, EV 103.1 MPH) Alamazoo White to second Runner from 2nd tries for 3rd, SAFE, throw by CF made to third
|
|
Batting: RHB Pete Redfern
|
0-0: Called Strike 0-1: Swinging Strike 0-2: Ball 1-2: Ball 2-2: Ball 3-2: Base on Balls Terry Kennedy to second
|
|
Batting: LHB Lyman Bostock
|
0-0: Foul Ball, location: 2F 0-1: Ball 1-1: SINGLE (Groundball, 6M, EV 104.4 MPH) (infield hit) Alamazoo White scores Terry Kennedy to third Pete Redfern to second
|
|
Batting: RHB Ray Knight
|
0-0: Called Strike 0-1: Ball 1-1: Called Strike 1-2: DOUBLE (Line Drive, 7LM, EV 101.9 MPH) Terry Kennedy scores Pete Redfern scores Lyman Bostock to third Runner from 3rd tries for Home, SAFE, throw by LF to home
|
|
Batting: LHB John Kruk
|
0-0: Called Strike 0-1: SINGLE (Groundball, 4M, EV 106.9 MPH) Ray Knight to third Runner from 3rd tries for Home, SAFE, throw by CF to home
|
|
Batting: RHB Dave Concepcion
|
0-0: Ball 1-0: Reached on error, E6 (Groundball, 6, EV 101.9 MPH) John Kruk to second
|
|
Batting: RHB Brad Komminsk
|
0-0: Ball 1-0: SINGLE (Line Drive, 56, EV 96.9 MPH) John Kruk to third Dave Concepcion to second
|
|
Batting: LHB Roy E Johnson
|
0-0: Ball 1-0: Ball 2-0: Foul Ball, location: 2F 2-1: Ball 3-1: Called Strike 3-2: Base on Balls John Kruk scores Dave Concepcion to third Brad Komminsk to second
|
|
Pitching: RHP John Montague
|
|
|
Batting: LHB Alamazoo White
|
0-0: Ball 1-0: DOUBLE (Line Drive, 89M, EV 93.8 MPH) Dave Concepcion scores Brad Komminsk scores Roy E Johnson to third Runner from 3rd tries for Home, SAFE, throw by CF to home
|
|
Batting: LHB Terry Kennedy
|
0-0: Ball 1-0: Ground out 4-3 (Groundball, 4, EV 85.0 MPH) Alamazoo White to third
|
|
Batting: RHB Pete Redfern
|
0-0: Called Strike 0-1: Swinging Strike 0-2: Ball 1-2: Ball 2-2: Ball 3-2: Strikes out swinging
|
| Bottom of the 2nd over - 9 runs, 7 hits, 1 error, 1 left on base; Philadelphia 1 - New York 9 |
| TOP OF THE 3RD |
|
Philadelphia Phillies batting - Pitching for New York Mets : RHP Pete Redfern
|
|
Batting: RHB John Montague
|
0-0: Ball 1-0: Swinging Strike 1-1: Called Strike 1-2: Strikes out swinging
|
|
Batting: RHB Paul Molitor
|
0-0: Ball 1-0: SINGLE (Groundball, 5S, EV 66.3 MPH) (infield hit)
|
|
Batting: RHB Andy Ramirez
|
0-0: Called Strike Paul Molitor steals 2nd base 0-1: Foul Ball, location: 2F 0-2: Ball 1-2: Foul Ball, location: 2F 1-2: Ball 2-2: Ball 3-2: Fly out, F9 (Flyball, 89S, EV 83.1 MPH)
|
|
Batting: LHB Tony Gwynn
|
0-0: Fly out, F8 (Flyball, 8LD, EV 104.4 MPH)
|
| Top of the 3rd over - 0 runs, 1 hit, 0 errors, 1 left on base; Philadelphia 1 - New York 9 |
| BOTTOM OF THE 3RD |
|
New York Mets batting - Pitching for Philadelphia Phillies : RHP John Montague
|
|
Batting: LHB Lyman Bostock
|
0-0: Ball 1-0: Swinging Strike 1-1: Foul Ball, location: 2F 1-2: Foul Ball, location: 2F 1-2: Ball 2-2: Foul Ball, location: 2F 2-2: Strikes out swinging
|
|
Batting: RHB Ray Knight
|
0-0: Foul Ball, location: 2F 0-1: Ball 1-1: SINGLE (Groundball, 56S, EV 75.0 MPH) (infield hit)
|
|
Batting: LHB John Kruk
|
0-0: Foul Ball, location: 2F 0-1: Ball 1-1: Fielders Choice at 2nd, 4-6 (Groundball, 4, EV 87.5 MPH)
|
|
Batting: RHB Dave Concepcion
|
0-0: Called Strike 0-1: Foul Ball, location: 2F 0-2: Ball 1-2: Fly out, F4 (Line Drive, 4, EV 66.9 MPH)
|
| Bottom of the 3rd over - 0 runs, 1 hit, 0 errors, 1 left on base; Philadelphia 1 - New York 9 |
| TOP OF THE 4TH |
|
Philadelphia Phillies batting - Pitching for New York Mets : RHP Pete Redfern
|
|
Batting: RHB Candy Maldonado
|
0-0: Called Strike 0-1: Ball 1-1: Foul Ball, location: 2F 1-2: SOLO HOME RUN (Line Drive, 7LD, EV 100.0 MPH), Distance : 373 ft
|
|
Batting: LHB Andy Guerrero
|
0-0: SINGLE (Flyball, 9S, EV 85.6 MPH)
|
|
Batting: RHB Jody Davis
|
0-0: Ball 1-0: Called Strike 1-1: Called Strike 1-2: Grounds into double play, 6-4-3 (Groundball, 6, EV 83.1 MPH)
|
|
Batting: LHB Randy Bush
|
0-0: Ball 1-0: Ball 2-0: Swinging Strike 2-1: DOUBLE (Line Drive, 78M, EV 98.8 MPH)
|
|
Batting: LHB Lou Whitaker
|
0-0: Ball 1-0: Ball 2-0: Ball 3-0: Base on Balls
|
|
Batting: RHB John Montague
|
0-0: Ball 1-0: Foul Ball, location: 2F 1-1: Swinging Strike 1-2: Strikes out swinging
|
| Top of the 4th over - 1 run, 3 hits, 0 errors, 2 left on base; Philadelphia 2 - New York 9 |
| BOTTOM OF THE 4TH |
|
New York Mets batting - Pitching for Philadelphia Phillies : RHP John Montague
|
|
Batting: RHB Brad Komminsk
|
0-0: Swinging Strike 0-1: Called Strike 0-2: Foul Ball, location: 2F 0-2: Ball 1-2: Foul Ball, location: 2F 1-2: Foul Ball, location: 2F 1-2: Hit by Pitch
|
|
Batting: LHB Roy E Johnson
|
Pickoff Throw to First - Error! E1 Brad Komminsk to second 0-0: Called Strike 0-1: SINGLE (Line Drive, 8RS, EV 88.1 MPH) Brad Komminsk to third Runner from 3rd tries for Home, SAFE, throw by CF to home
|
|
Batting: LHB Alamazoo White
|
0-0: Foul Ball, location: 2F 0-1: Fly out, F9 (Line Drive, 9, EV 86.9 MPH)
|
|
Batting: LHB Terry Kennedy
|
0-0: Ball 1-0: Reached on error, E3 (Groundball, 3, EV 85.6 MPH) Roy E Johnson to second
|
|
Batting: RHB Pete Redfern
|
0-0: Bunted foul 0-1: Bunt missed! 0-2: Sac Bunt to P - play at first, batter OUT! 1-4 Roy E Johnson to third Terry Kennedy to second
|
|
Batting: LHB Lyman Bostock
|
0-0: Ball 1-0: Fly out, F6 (Popup, 6MD, EV 66.9 MPH)
|
| Bottom of the 4th over - 1 run, 1 hit, 2 errors, 2 left on base; Philadelphia 2 - New York 10 |
| TOP OF THE 5TH |
|
Philadelphia Phillies batting - Pitching for New York Mets : RHP Pete Redfern
|
|
Batting: RHB Paul Molitor
|
0-0: Called Strike 0-1: SINGLE (Line Drive, 4D, EV 103.1 MPH)
|
|
Batting: RHB Andy Ramirez
|
0-0: Fielders Choice at 2nd, 6-4 (Groundball, 6M, EV 78.8 MPH)
|
|
Batting: LHB Tony Gwynn
|
0-0: Ball 1-0: Swinging Strike 1-1: Swinging Strike 1-2: Ball 2-2: Ball 3-2: Base on Balls Andy Ramirez to second
|
|
Batting: RHB Candy Maldonado
|
0-0: Fly out, F5 (Popup, 56S, EV 83.8 MPH)
|
|
Batting: LHB Andy Guerrero
|
0-0: Ball 1-0: Foul Ball, location: 2F 1-1: Ball 2-1: SINGLE (Flyball, 89S, EV 90.6 MPH) Andy Ramirez to third Tony Gwynn to second Runner from 3rd tries for Home, SAFE, throw by RF to home
|
|
Batting: RHB Jody Davis
|
0-0: Called Strike 0-1: Ball 1-1: Swinging Strike 1-2: Ball 2-2: Fly out, F3 (Popup, 3SF, EV 74.4 MPH)
|
| Top of the 5th over - 1 run, 2 hits, 0 errors, 2 left on base; Philadelphia 3 - New York 10 |
| BOTTOM OF THE 5TH |
|
New York Mets batting - Pitching for Philadelphia Phillies : RHP John Montague
|
|
Batting: RHB Ray Knight
|
0-0: Called Strike 0-1: Ball 1-1: Ball 2-1: Swinging Strike 2-2: Ball 3-2: Fly out, F7 (Flyball, 78M, EV 96.3 MPH)
|
|
Batting: LHB John Kruk
|
0-0: Ball 1-0: Called Strike 1-1: Foul Ball, location: 2F 1-2: Ball 2-2: DOUBLE (Groundball, 3L, EV 108.1 MPH)
|
|
Batting: RHB Dave Concepcion
|
0-0: Ground out 5-3 (Groundball, 5, EV 105.6 MPH)
|
|
Batting: RHB Brad Komminsk
|
0-0: Called Strike 0-1: Ball 1-1: Fly out, F9 (Flyball, 9S, EV 88.1 MPH)
|
| Bottom of the 5th over - 0 runs, 1 hit, 0 errors, 1 left on base; Philadelphia 3 - New York 10 |
| TOP OF THE 6TH |
|
Philadelphia Phillies batting - Pitching for New York Mets : RHP Pete Redfern
|
|
Batting: LHB Randy Bush
|
0-0: Called Strike 0-1: Ground out 4-3 (Groundball, 4, EV 90.0 MPH)
|
|
Batting: LHB Lou Whitaker
|
0-0: Ball 1-0: Swinging Strike 1-1: Ground out 4-3 (Groundball, 4, EV 85.0 MPH)
|
|
Pinch Hitting: LHB Ken Phelps
|
0-0: Ball 1-0: Ground out 6-3 (Groundball, 6, EV 88.1 MPH)
|
| Top of the 6th over - 0 runs, 0 hits, 0 errors, 0 left on base; Philadelphia 3 - New York 10 |
| BOTTOM OF THE 6TH |
|
New York Mets batting - Pitching for Philadelphia Phillies : RHP John Montague
|
|
Pitching: LHP Michael Morrison
|
|
|
Batting: LHB Roy E Johnson
|
0-0: Called Strike 0-1: Foul Ball, location: 2F 0-2: Foul Ball, location: 2F 0-2: Strikes out swinging
|
|
Batting: LHB Alamazoo White
|
0-0: Foul Ball, location: 2F 0-1: Ball 1-1: Foul Ball, location: 2F 1-2: Ball 2-2: SINGLE (Line Drive, 4MD, EV 99.4 MPH)
|
|
Batting: LHB Terry Kennedy
|
0-0: Ball 1-0: Called Strike 1-1: Fly out, F8 (Flyball, 8LD, EV 95.6 MPH)
|
|
Batting: RHB Pete Redfern
|
0-0: Ball 1-0: Foul Ball, location: 2F 1-1: Fly out, F9 (Flyball, 89D, EV 104.4 MPH)
|
| Bottom of the 6th over - 0 runs, 1 hit, 0 errors, 1 left on base; Philadelphia 3 - New York 10 |
| TOP OF THE 7TH |
|
Philadelphia Phillies batting - Pitching for New York Mets : RHP Pete Redfern
|
|
Batting: RHB Paul Molitor
|
0-0: Ball 1-0: Ball 2-0: Swinging Strike 2-1: Foul Ball, location: 2F 2-2: Ground out 5-3 (Groundball, 56D, EV 83.1 MPH)
|
|
Pinch Hitting: RHB Tim Wallach
|
0-0: Ball 1-0: Swinging Strike 1-1: Reached on error, E5 (Groundball, 56S, EV 88.8 MPH)
|
|
Batting: LHB Tony Gwynn
|
0-0: Ball 1-0: Swinging Strike 1-1: Fly out, F3 (Line Drive, 3, EV 68.8 MPH) Lined into DP, U3 (Line Drive, 3, EV 67.5 MPH)
|
| Top of the 7th over - 0 runs, 0 hits, 1 error, 0 left on base; Philadelphia 3 - New York 10 |
| BOTTOM OF THE 7TH |
|
New York Mets batting - Pitching for Philadelphia Phillies : LHP Michael Morrison
|
|
Now at SS: Tim Wallach
|
|
|
Pinch Hitting: RHB Garry Maddox
|
0-0: Swinging Strike 0-1: Ball 1-1: Called Strike 1-2: Ball 2-2: Strikes out swinging
|
|
Pinch Hitting: RHB Bill Almon
|
0-0: Ground out 5-3 (Groundball, 56, EV 82.5 MPH)
|
|
Batting: LHB John Kruk
|
0-0: Foul Ball, location: 2F 0-1: Ball 1-1: Ball 2-1: Fly out, F6 (Popup, 6, EV 58.8 MPH)
|
| Bottom of the 7th over - 0 runs, 0 hits, 0 errors, 0 left on base; Philadelphia 3 - New York 10 |
| TOP OF THE 8TH |
|
Philadelphia Phillies batting - Pitching for New York Mets : RHP Pete Redfern
|
|
Now at 2B: Bill Almon
|
|
|
Now in CF: Garry Maddox
|
|
|
Batting: RHB Candy Maldonado
|
0-0: SINGLE (Groundball, 56D, EV 96.3 MPH)
|
|
Batting: LHB Andy Guerrero
|
0-0: Ball 1-0: Called Strike 1-1: Ball 2-1: Ball 3-1: Base on Balls Candy Maldonado to second
|
|
Batting: RHB Jody Davis
|
0-0: Ball 1-0: Foul Ball, location: 2F 1-1: Foul Ball, location: 2F 1-2: Ball 2-2: Fly out, F9 (Flyball, 9, EV 81.9 MPH)
|
|
Pitching: RHP Raymond Price
|
|
|
Batting: LHB Randy Bush
|
0-0: Ball 1-0: Foul Ball, location: 2F 1-1: DOUBLE (Line Drive, 78XD, EV 110.0 MPH) Candy Maldonado scores Andy Guerrero to third Runner from 3rd tries for Home, SAFE, throw by LF to home
|
|
Batting: LHB Lou Whitaker
|
0-0: Ball 1-0: Foul Ball, location: 2F 1-1: Fly out, F8 (Line Drive, 8RD, EV 106.9 MPH)
|
|
Pinch Hitting: LHB Terry Bogener
|
0-0: Ball 1-0: Called Strike 1-1: Foul Ball, location: 2F 1-2: Foul Ball, location: 2F 1-2: SINGLE (Line Drive, 9LS, EV 100.6 MPH) Randy Bush to third Runner from 3rd tries for Home, SAFE, throw by RF to home Terry Bogener to second
|
|
Batting: RHB Paul Molitor
|
0-0: Ball 1-0: Ball 2-0: Foul Ball, location: 2F 2-1: Ball 3-1: Base on Balls
|
|
Batting: RHB Tim Wallach
|
0-0: Fly out, F9 (Flyball, 89M, EV 94.4 MPH)
|
| Top of the 8th over - 3 runs, 3 hits, 0 errors, 2 left on base; Philadelphia 6 - New York 10 |
| BOTTOM OF THE 8TH |
|
New York Mets batting - Pitching for Philadelphia Phillies : LHP Michael Morrison
|
|
Pitching: LHP Lawrence Burgess
|
|
|
Batting: RHB Dave Concepcion
|
0-0: SINGLE (Flyball, 89S, EV 90.6 MPH)
|
|
Batting: RHB Brad Komminsk
|
0-0: Ball 1-0: Ball 2-0: Called Strike 2-1: Fly out, F7 (Flyball, 7LD, EV 81.3 MPH)
|
|
Batting: LHB Roy E Johnson
|
0-0: Fielders Choice at 2nd, 3-6 (Groundball, 3, EV 88.1 MPH)
|
|
Batting: LHB Alamazoo White
|
0-0: Foul Ball, location: 2F 0-1: Ball 1-1: Ball 2-1: Fly out, F8 (Flyball, 8RM, EV 91.9 MPH)
|
| Bottom of the 8th over - 0 runs, 1 hit, 0 errors, 1 left on base; Philadelphia 6 - New York 10 |
| TOP OF THE 9TH |
|
Philadelphia Phillies batting - Pitching for New York Mets : RHP Raymond Price
|
|
Batting: LHB Tony Gwynn
|
0-0: Called Strike 0-1: Ball 1-1: SINGLE (Groundball, 25, EV 67.5 MPH) (infield hit)
|
|
Batting: RHB Candy Maldonado
|
0-0: Called Strike 0-1: Foul Ball, location: 2F 0-2: Ball 1-2: Strikes out swinging
|
|
Batting: LHB Andy Guerrero
|
0-0: Ball 1-0: Ball 2-0: Called Strike 2-1: Foul Ball, location: 2F 2-2: Fly out, F7 (Line Drive, 7, EV 86.9 MPH)
|
|
Batting: RHB Jody Davis
|
0-0: 2-RUN HOME RUN (Flyball, 7D, EV 96.9 MPH), Distance : 367 ft
|
|
Pitching: RHP Matt Adams
|
|
|
Now at 1B: Gary Redus
|
|
|
Batting: LHB Randy Bush
|
0-0: Swinging Strike 0-1: Ball 1-1: Ball 2-1: Fly out, F7 (Flyball, 7LS, EV 87.5 MPH)
|
| Top of the 9th over - 2 runs, 2 hits, 0 errors, 0 left on base; Philadelphia 8 - New York 10 |
|